 Dungeon Crawl Stone Soup version 0.23.2-1-ga50397a (webtiles) character file.

Game seed: 16402244148442713668

1026 kae the Transmogrifier (level 8, -2/54 HPs)
             Began as a Demonspawn Transmuter on Apr 14, 2019.
             Was an Initiate of Wu Jian.
             Killed by divine providence
             ... invoked by an orc priest
              (12 damage)
             ... on level 5 of the Dungeon.
             The game lasted 00:07:02 (6977 turns).

kae the Transmogrifier (Demonspawn Transmuter)      Turns: 6977, Time: 00:07:02

Health: -2/54      AC:  2    Str: 11    XL:     8   Next: 2%
Magic:  2/11       EV: 19    Int: 18    God:    Wu Jian [......]
Gold:   194        SH:  0    Dex: 20    Spells: 5/11 levels left

rFire    . . .     SeeInvis .     - Unarmed
rCold    + . .     Gourm    .   (shield currently unavailable)
rNeg     . . .     Faith    .   (armour currently unavailable)
rPois    x         Spirit   .   (helmet currently unavailable)
rElec    .         Reflect  .   (cloak currently unavailable)
rCorr    .         Harm     .   (gloves currently unavailable)
MR       .....                  (boots currently unavailable)
Stlth    +++.......             (no amulet)
HPRegen  0.18/turn              p - +3 ring of intelligence
MPRegen  0.12/turn              c - ring of protection from cold

@: spider-form, very slightly contaminated
A: tiny, nightstalker 1
a: End Transformation, Renounce Religion


You were on level 5 of the Dungeon.
You worshipped Wu Jian.
Wu Jian was noncommittal.
You were near starving.
You were a venomous arachnid creature.
You visited 2 branches of the dungeon, and saw 7 of its levels.

You collected 194 gold pieces.

Inventory:

Missiles
 a - 28 arrows
Armour
 b - a +1 robe (melded)
Jewellery
 c - a ring of protection from cold (right front leg)
 g - an uncursed ring of flight
 p - a +3 ring of intelligence (left front leg)
Wands
 l - a wand of enslavement (10)
 q - a wand of digging (2)
Scrolls
 j - 3 scrolls of remove curse
 n - 2 scrolls of magic mapping
 s - 4 scrolls of identify
 u - 2 scrolls of enchant armour
 v - a scroll of blinking {unknown}
Potions
 e - a potion of heal wounds {unknown}
 f - a potion of resistance {unknown}
 h - 2 potions of flight
 i - 3 potions of agility {unknown}
 k - 2 potions of mutation {unknown}
 o - 2 potions of haste {unknown}
 r - a potion of brilliance
 t - a potion of degeneration {unknown}
Comestibles
 d - 6 rations


   Skills:
 + Level 1.4 Fighting
 - Level 1.7 Dodging
 * Level 3.1 Unarmed Combat
 - Level 2.0 Spellcasting
 + Level 8.5 Transmutations


You had 5 spell levels left.
You knew the following spells:

 Your Spells              Type           Power        Failure   Level  Hunger
a - Beastly Appendage     Tmut           ####..       3%          1    #......
b - Sticks to Snakes      Tmut           ####....     4%          2    ###....
c - Spider Form           Tmut/Pois      ###.......   24%         3    ###....

Your spell library contained the following spells:

 Spells                   Type           Power        Failure   Level  Hunger
 Blade Hands              Tmut           ####......   34%         5    ######.
 Animate Skeleton         Necr           N/A          38%         1    #......
 Pain                     Necr           #...         38%         1    #......
 Ice Form                 Ice/Tmut       ###.....     52%         4    #####..
 Regeneration             Chrm/Necr      #.........   69%         3    ###....
 Vampiric Draining        Necr           #.........   69%         3    ###....
 Animate Dead             Necr           N/A          96%         4    #####..


Dungeon Overview and Level Annotations

Branches:
Dungeon (6/15)             Temple (1/1) D:5

Altars:
Ashenzari
Cheibriados
Dithmenos
Elyvilon
Fedhas
Gozag
Hepliaklqana
Kikubaaqudgha
Makhleb
Nemelex Xobeh
Okawaru
Ru
Sif Muna
Trog
Uskayaw
Vehumet
Wu Jian
Xom
Yredelemnul
Zin
The Shining One

Annotations:
D:4 exclusion: phantom


Innate Abilities, Weirdness & Mutations

((You have a pair of small antennae on your head.))
((You are partially covered in iridescent scales. (AC +2)))
You are slightly more attuned to the shadows.


Message History

The orc closely misses you.
The orc priest hits you but does no damage.
Casting: Spider Form (safe; 10% risk of failure)
Confirm with . or Enter, or press ? or * to list all spells.
You turn into a venomous arachnid creature.
Your +1 robe melds into your body.
The orc completely misses you. The orc priest barely misses you.
The orc hits you with a +0 whip.
* * * LOW HITPOINT WARNING * * *
You closely miss the orc priest.
The orc priest hits you but does no damage.
The orc closely misses you.
You bite the orc priest!
The orc priest is poisoned.
The orc priest is heavily wounded.
The orc priest completely misses you. The orc hits you but does no damage.
You hit the orc priest.
The orc priest is severely wounded.
The orc priest mumbles some strange prayers to Beogh against you.
Beogh smites you!
You die...

###################### #.
#...'.....>..........# #.
#...#.######.........# #.
#...#......#.........# #.
#..>######.#.........# #.
#...#......#...##...#####.
#.....######...#######..##
#...<...o.......#....#....
#.......os......'....#....
#..............##...##...#
##.#.#.#.#..#..##...##...#
#..........#..##.........
#.#.#.#.#.##..#########..
#........................
#.#.#.#.#.....###########
#.............#.........#
#.#.#.#.#@##<...#######..


You could see an orc priest and an orc.

Vanquished Creatures
  Prince Ribbit (D:6)
  Eustachio (D:5)
  A sky beast (D:5)
  A centaur (D:6)
  A phantom (D:4)
  A bullfrog (D:6)
  2 hounds (D:5)
  An orc wizard (D:5)
  An orc priest (D:5)
  Ijyb (D:3)
  An iguana (D:6)
  2 worker ants
  A hound skeleton (D:5)
  A worker ant zombie (D:5)
  5 adders
  A worm (D:4)
  A dart slug (D:4)
  4 leopard geckos
  15 orcs
  4 bats
  3 giant cockroaches
  5 goblins
  4 hobgoblins
  2 jackals (D:3)
  9 kobolds
  A quokka (D:4)
  8 frilled lizards
  A giant cockroach zombie (D:5)
  A quokka skeleton (D:4)
  6 rats
86 creatures vanquished.

Vanquished Creatures (collateral kills)
  A gnoll (D:2)
  2 adders
  2 orcs (D:3)
  A goblin (D:2)
  3 kobolds
  2 rats
11 creatures vanquished.

Grand Total: 97 creatures vanquished

Notes
Turn   | Place    | Note
-------+----------+-------------------------------------------
     0 | D:1      | kae the Demonspawn Transmuter began the quest for the Orb.
     0 | D:1      | Reached XP level 1. HP: 15/15 MP: 3/3
   110 | D:1      | Reached skill level 2 in Transmutations
   385 | D:1      | Gained mutation: You are partially covered in iridescent
                  | scales. (AC +2) [demonic ancestry]
   385 | D:1      | Reached XP level 2. HP: 19/21 MP: 3/5
  1020 | D:1      | Learned a level 2 spell: Sticks to Snakes
  1061 | D:2      | Reached skill level 3 in Transmutations
  1102 | D:2      | Found a hide-covered altar of Uskayaw.
  1184 | D:2      | Gained mutation: You have a pair of small antennae on your
                  | head. [demonic ancestry]
  1184 | D:2      | Reached XP level 3. HP: 9/26 MP: 1/6
  1946 | D:2      | Reached skill level 4 in Transmutations
  1946 | D:2      | Reached XP level 4. HP: 21/32 MP: 7/7
  2181 | D:2      | Found a hazy altar of Hepliaklqana.
  2713 | D:3      | Learned a level 3 spell: Spider Form
  3592 | D:3      | Noticed Ijyb
  3609 | D:3      | Killed Ijyb
  3609 | D:3      | Gained mutation: You are slightly more attuned to the
                  | shadows. [demonic ancestry]
  3609 | D:3      | Reached XP level 5. HP: 27/37 MP: 5/8
  3811 | D:4      | Noticed a phantom
  3901 | D:4      | Reached skill level 5 in Transmutations
  4337 | D:4      | Found an ancient bone altar of Kikubaaqudgha.
  4522 | D:4      | Killed a phantom
  4836 | D:5      | Entered Level 5 of the Dungeon
  4846 | D:5      | Found a sparkling altar of Nemelex Xobeh.
  4872 | D:5      | Reached XP level 6. HP: 28/43 MP: 6/9
  4877 | D:5      | HP: 2/43 [orc priest/+0 club (1)]
  4878 | D:5      | Reached skill level 6 in Transmutations
  5171 | D:5      | Found a shattered altar of Ashenzari.
  5226 | D:5      | Noticed Eustachio
  5354 | D:5      | Killed Eustachio
  5354 | D:5      | Reached skill level 7 in Transmutations
  5354 | D:5      | Reached XP level 7. HP: 29/48 MP: 8/10
  5656 | D:5      | Found a burning altar of Makhleb.
  6002 | D:5      | Found a deep blue altar of Sif Muna.
  6087 | D:5      | Found a staircase to the Ecumenical Temple.
  6093 | Temple   | Entered the Ecumenical Temple
  6294 | Temple   | Became a worshipper of the Wu Jian Council
  6502 | D:6      | Noticed Prince Ribbit
  6507 | D:6      | HP: 2/48 [Prince Ribbit (13)]
  6514 | D:6      | Killed Prince Ribbit
  6514 | D:6      | Reached skill level 8 in Transmutations
  6759 | D:6      | Found a white marble altar of Elyvilon.
  6760 | D:6      | Found a glowing silver altar of Zin.
  6760 | D:6      | Found a sparkling altar of Nemelex Xobeh.
  6763 | D:6      | Found a shadowy altar of Dithmenos.
  6763 | D:6      | Found a shadowy altar of Dithmenos.
  6763 | D:6      | Found a shimmering altar of Xom.
  6922 | D:6      | Reached XP level 8. HP: 13/54 MP: 5/11
  6977 | D:5      | Killed from afar by an orc priest

Skill      XL: |  1  2  3  4  5  6  7 |
---------------+----------------------+-----
Transmutations | 2 3 4 5 7 8 |  8.5
Unarmed Combat | 3 |  3.1
Fighting       | |  1.4
Dodging        | |  1.7
Spellcasting   | |  2.0

Action                   |  1- 3 |  4- 6 |  7- 9 || total
-------------------------+-------+-------+-------++-------
Melee: Unarmed           |   103 |   279 |    65 ||   447
       Headbutt          |     1 |       |       ||     1
       Punch             |     2 |     1 |       ||     3
       Kick              |     2 |     8 |       ||    10
 Cast: Beastly Appendage |     5 |     6 |       ||    11
       Sticks to Snakes  |     3 |    13 |       ||    16
       Spider Form       |       |     7 |     8 ||    15
Invok: Lunge             |       |       |     1 ||     1
  Use: Potion            |     2 |     1 |     2 ||     5
       Scroll            |       |     8 |     1 ||     9
 Stab: Sleeping          |     2 |     3 |       ||     5
       Distracted        |       |     1 |       ||     1
  Eat: Chunk             |     3 |    12 |     3 ||    18
       Ration            |       |       |     1 ||     1
Armor: Robe              |    27 |    57 |     5 ||    89
       Skin              |       |     3 |     2 ||     5
Dodge: Dodged            |    60 |   172 |    52 ||   284
